 Dungeon Crawl Stone Soup version 0.30.1-3-gfc49f6343a (webtiles) character file.

Game seed: 14120190289265210964

78 cdecastro the Caller (level 4, -5/30 HPs)
             Began as a Merfolk Summoner on July 31, 2023.
             Was an Initiate of Makhleb.
             Killed from afar by a steam dragon (15 damage)
             ... with a ball of steam
             ... on level 3 of the Dungeon.
             The game lasted 00:04:13 (2644 turns).

cdecastro the Caller (Merfolk Summoner)             Turns: 2644, Time: 00:04:16

Health: -5/30      AC:  2    Str:  8    XL:     4   Next: 36%
Magic:  3/7        EV: 13    Int: 16    God:    Makhleb [......]
Gold:   125        SH:  5    Dex: 14    Spells: 4/7 levels left

rFire   . . .        d - +0 short sword
rCold   . . .        (no shield)
rNeg    . . .        s - +0 toga "Victory" {*Victory Clar}
rPois   .            (no helmet)
rElec   .            (no cloak)
rCorr   .            (no gloves)
SInv    .            (no boots)
Will    .....        f - amulet of reflection
Stlth   ++           (no ring)
HPRegen 0.25/turn    (no ring)
MPRegen 0.10/turn

%: reflection, clarity
@: no status effects
A: (nimble swimmer 2), mertail
a: Renounce Religion


You were on level 3 of the Dungeon.
You worshipped Makhleb.
Makhleb was noncommittal.
You visited 1 branch of the dungeon, and saw 3 of its levels.

You collected 125 gold pieces.

Inventory:

Hand Weapons
 d - a +0 short sword (weapon)
Missiles
 m - 3 poisoned darts
Armour
 k - a +1 leather armour of cold resistance
 s - the +0 toga "Victory" (worn) {*Victory Clar}
   (You found it on level 3 of the Dungeon)

   *Victory:  When the wearer kills a threatening monster, it has a chance to
   gain +1 AC, +1 Slay, and +1 Int, capping at +7.
   When the wearer uses a scroll or a potion with a hostile monster in sight,
   its bonuses reset to +0.
   Unequipping it also resets its bonuses to +0.
   Clar:      It protects you from confusion, rage, mesmerisation and fear.
Jewellery
 f - an amulet of reflection (around neck)
 r - a ring of fire
Wands
 n - a wand of flame (31)
 q - a wand of polymorph (6)
Scrolls
 g - 3 scrolls of identify {unknown}
 i - a scroll of poison {unknown}
 j - a scroll of brand weapon {unknown}
 l - a scroll of enchant weapon {unknown}
 p - a scroll of teleportation {unknown}
Potions
 b - a potion of magic
 c - a potion of haste {unknown}
 e - 2 potions of curing {unknown}
 h - a potion of cancellation {unknown}
 o - a potion of mutation {unknown}


   Skills:
 + Level 4.0 Dodging
 - Level 2.1 Stealth
 - Level 2.0 Spellcasting
 * Level 5.2 Summonings


You had 4 spell levels left.
You knew the following spells:

 Your Spells              Type           Power      Damage    Failure   Level
a - Summon Small Mammal   Summ           72%        N/A       2%          1
b - Call Imp              Summ           36%        N/A       3%          2

Your spell library contained the following spells:

 Spells                   Type           Power      Damage    Failure   Level
 Call Canine Familiar     Summ           18%        N/A       7%          3
 Summon Guardian Golem    Hex/Summ       10%        N/A       22%         3
 Summon Lightning Spire   Summ/Air       10%        N/A       56%         4


Dungeon Overview and Level Annotations

Branches:
Dungeon (3/15)

Altars:
Ashenzari
Makhleb


Innate Abilities, Weirdness & Mutations

((You are very nimble when in or above water. (Stealth+, EV+, Speed+++)))
Your lower body shifts to a powerful aquatic tail in water.


Message History

You miss the bat. The bat closely misses you. You block the bat's attack.
The bat barely misses you. x2
The bat hits you but does no damage.
There is a stone staircase leading up here.
The bat barely misses you.
You hit the bat.
You kill the bat!
Makhleb accepts your kill.
No target in view!
No target in view!
A steam dragon comes into view.
The steam dragon hisses angrily.
A steam dragon is nearby!
A steam dragon is nearby!
A steam dragon is nearby!
Unknown command.
Casting: Call Imp (safe; 3% risk of failure)
Confirm with . or Enter, or press ? or * to list all spells.
A tiny devil pulls itself out of the air.
Unknown command.
You swap places.
The steam dragon breathes steam at you.
The ball of steam hits your cerulean imp!
Your cerulean imp dies!
Your cerulean imp disappears in a puff of smoke!
The ball of steam hits you!!
Ouch! That really hurt!
* * * LOW HITPOINT WARNING * * *
Casting: Call Imp (safe; 3% risk of failure)
Confirm with . or Enter, or press ? or * to list all spells.
A tiny devil pulls itself out of the air.
Unknown command.
You swap places.
The steam dragon breathes steam at you.
The ball of steam hits your cerulean imp!
Your cerulean imp dies!
Your cerulean imp disappears in a puff of smoke!
The ball of steam hits you!
Ouch! That really hurt!
You die...

#########
#.§..D§.##
#D#####§.# #######
.. ##@# #.....# .⌠#
#.# #.###.# #. #.#
#.###.### # # #.#
#.#.....# #
##.#####.#.....####
#..................
#.######.#.....####
#<# #.#.........
#.# #.#.#..≈≈≈..


There were no monsters in sight!

Vanquished Creatures
  An adder (D:2)
  4 ball pythons
  3 bats
  5 endoplasms
  3 hobgoblins (D:2)
  5 jackals
  3 kobolds
  3 quokkas
  A frilled lizard (D:1)
28 creatures vanquished.

Vanquished Creatures (collateral kills)
  2 adders (D:2)
  A dart slug (D:3)
  An endoplasm (D:1)
  2 goblins (D:1)
  3 jackals (D:2)
  2 bats (D:1)
  A frilled lizard (D:1)
  A kobold (D:1)
  3 rats (D:1)
16 creatures vanquished.

Grand Total: 44 creatures vanquished

Notes
Turn   | Place    | Note
-------+----------+-------------------------------------------
     0 | D:1      | cdecastro the Merfolk Summoner began the quest for the Orb.
     0 | D:1      | Reached XP level 1. HP: 13/13 MP: 3/3
   326 | D:1      | Reached XP level 2. HP: 13/19 MP: 1/5
  1256 | D:1      | Learned a level 2 spell: Call Imp
  1264 | D:2      | Reached XP level 3. HP: 24/24 MP: 3/6
  1312 | D:2      | Found a burning altar of Makhleb.
  1444 | D:2      | Reached skill level 5 in Summonings
  1760 | D:2      | Reached XP level 4. HP: 28/30 MP: 7/7
  1923 | D:2      | Became a worshipper of Makhleb the Destroyer
  2428 | D:3      | Found the +0 toga "Victory" {*Victory Clar}
  2572 | D:3      | Found a broken altar of Ashenzari.
  2637 | D:3      | Noticed a steam dragon
  2644 | D:3      | Killed from afar by a steam dragon

Illustrated notes

Levels and vault maps discovered:
D:1:      tarquinn_simple_flora_water_d, layout_loops_ring
D:2:      layout_loops_corners, basic_altar
D:3:      wad_lake_hut, layout_loops_ring, ashenzari_altar_1,
          hellmonk_ecumenical_altar_blasted, hangedman_abyss_or_decor_stabs,
          mrwooster_statue_mirror, grunt_ministairs_11,
          corexii_item_surrounded_by_moat

Skill      XL: |  1  2  3  4 |
---------------+-------------+-----
Dodging        | 3 4 |  4.0
Summonings     | 5 |  5.2
Stealth        | |  2.1
Spellcasting   | |  2.0

Action                     |  1- 3 |  4- 6 || total
---------------------------+-------+-------++-------
  Melee: Short sword       |   123 |    49 ||   172
         Unarmed           |     3 |       ||     3
         Punch             |     1 |       ||     1
   Cast: Summon Small Mamm |    25 |       ||    25
         Call Imp          |     3 |     3 ||     6
   Stab: Sleeping          |       |     1 ||     1
 Armour: Robe              |    11 |     5 ||    16
         Leather armour    |    23 |    17 ||    40
  Dodge: Dodged            |    92 |    38 ||   130
  Block: Other             |       |     3 ||     3
